 Dungeon Crawl Stone Soup version 0.27-a0-1149-g4505690ab0 (webtiles) character file.

Game seed: 16956723201131345796

4586 tilp the Frost Mage (level 9, -12/71 HPs)
             Began as a Demigod Ice Elementalist on May 12, 2021.
             Mangled by an orc warrior
             ... wielding a +0 hand axe
              (17 damage)
             ... in a bailey.
             The game lasted 00:28:42 (14726 turns).

tilp the Frost Mage (Demigod Ice Elementalist)     Turns: 14726, Time: 00:28:43

Health: -12/71     AC: 17    Str:  9    XL:     9   Next: 99%
Magic:  10/21      EV: 16    Int: 29    God:
Gold:   153        SH:  5    Dex: 14    Spells: 4/19 levels left

rFire    . . .     SeeInvis .   a - +9 trident of the King {drain, Drain rElec rC+ Will++}
rCold    + . .     Faith    .   n - +0 buckler
rNeg     . . .     Spirit   .   f - +3 leather armour
rPois    .         Reflect  .   (no helmet)
rElec    +         Harm     .   c - +2 cloak
rCorr    .         Rampage  .   q - +0 pair of gloves
Will     ++...                  (no boots)
Stlth    ++........             (no amulet)
HPRegen  0.21/turn              C - +4 ring of evasion
MPRegen  0.17/turn              (no ring)

@: ice-armoured
A: high mp 1, forlorn
a: no special abilities


You were in a bailey.
You visited 1 branch of the dungeon, and saw 9 of its levels.
You also visited: Sewer and Bailey.

You collected 441 gold pieces.
You spent 288 gold pieces at shops.

Inventory:

Hand Weapons
 a - the +9 trident of the King (weapon) {drain, Drain rElec rC+ Will++}
   (You found it on level 6 of the Dungeon)

   A truly terrible weapon, it drains the life of those it strikes.
   It protects you from cold.
   It insulates you from electricity.
   It drains your maximum health when unequipped.
   It greatly increases your willpower.
 b - the +5 dagger of Woonem {venom, rCorr Int+2 Dex+4}
   (You found it on level 5 of the Dungeon)

   It poisons the flesh of those it strikes.
   It affects your intelligence (+2).
   It affects your dexterity (+4).
   It protects you from acid and corrosion.
Missiles
 e - 3 curare-tipped darts {!f}
 k - 17 javelins
 l - 19 boomerangs
 t - 28 poisoned darts (quivered)
Armour
 c - a +2 cloak (worn)
 f - a +3 leather armour (worn)
 j - a +1 leather armour of cold resistance
 n - a +0 buckler (worn)
 q - a +0 pair of gloves (worn)
 r - the +1 scale mail "Naparib" {rC+ rCorr}
   (You bought it in a shop on level 5 of the Dungeon)

   It protects you from cold.
   It protects you from acid and corrosion.
Jewellery
 C - a +4 ring of evasion (left hand)
Wands
 x - a wand of paralysis (8)
Scrolls
 g - a scroll of blinking
 h - 5 scrolls of teleportation
 p - 3 scrolls of fog
 B - 2 scrolls of enchant armour
 F - a scroll of amnesia
 G - a scroll of silence
Potions
 d - 3 potions of flight
 i - a potion of attraction
 m - 2 potions of cancellation
 o - a potion of curing
 s - 2 potions of heal wounds
 u - 3 potions of might
 v - 4 potions of berserk rage
 z - 3 potions of degeneration {unknown}
 A - a potion of lignification
 D - a potion of mutation {unknown}
 E - a potion of magic {unknown}
 H - 2 potions of invisibility {unknown}


   Skills:
 - Level 4.0 Fighting
 - Level 4.0 Dodging
 - Level 4.0 Stealth
 - Level 4.0 Shields
 + Level 5.5 Spellcasting
 + Level 3.9 Conjurations
 + Level 2.7 Summonings
 + Level 9.0 Ice Magic


You had 4 spell levels left.
You knew the following spells:

 Your Spells              Type           Power      Damage    Failure   Level
a - Freeze                Ice            100%       1d11      1%          1
b - Frozen Ramparts       Ice            100%       1d12      1%          3
c - Ozocubu's Armour      Ice            57%        N/A       1%          3
d - Hailstorm             Conj/Ice       45%        3d10      6%          4
e - Summon Ice Beast      Ice/Summ       42%        N/A       8%          4

Your spell library contained the following spells:

 Spells                   Type           Power      Damage    Failure   Level
 Corona                   Hex            8%         N/A       9%          1
 Slow                     Hex            8%         N/A       13%         2
 Ice Form                 Ice/Tmut       34%        N/A       13%         4
 Inner Flame              Hex/Fire       8%         N/A       26%         3
 Portal Projectile        Hex/Tloc       16%        N/A       26%         3
 Cause Fear               Hex            4%         N/A       63%         4
 Leda's Liquefaction      Hex/Erth       4%         N/A       63%         4
 Metabolic Englaciation   Hex/Ice        17%        N/A       36%         5
 Ozocubu's Refrigeration  Ice            28%        4d10      86%         7
 Simulacrum               Ice/Necr       17%        N/A       90%         6
 Freezing Cloud           Conj/Ice/Air   16%        6-21      91%         6


Dungeon Overview and Level Annotations

Branches:
Dungeon (9/15)             Temple (0/1) D:5           Sewer (visited)
 Bailey (1/1)
   Lair: D:8-11         Orc: D:9-12

Shops:
D:4 :   D:5 =![[

Annotations:
D:4 1 runed translucent door, Crazy Yiuf
D:5 3 runed translucent doors, Menkaure; PeterLawrence's ghost, novice MiMo
D:7 exclusions: cyclops, orc wizard, ufetubus and zombie


Innate Abilities, Weirdness & Mutations

Your attributes grow dramatically as you level up.
You have an increased reservoir of magic. (+10% MP)
You shall have no god before yourself.


Message History

A film of ice covers your body! The orc warrior closely misses you.
The goblin misses you.
You miss the goblin.
The goblin is severely wounded.
The orc warrior misses you. You block the goblin's attack.
The orc warrior hits you with a +0 hand axe.
* * * LOW HITPOINT WARNING * * *
You barely miss the goblin.
The goblin is severely wounded.
The goblin barely misses you.
An orc warrior comes into view. It is wielding a +0 war axe.
The orc warrior hits you with a +0 hand axe!
* * * LOW HITPOINT WARNING * * *
Unknown command.
The orc warrior shouts!
You puncture the goblin!
You kill the goblin!
You hear a shout!
The orc warrior completely misses you.
A hobgoblin comes into view. It is wielding a +0 hand axe.
Unknown command.
Casting: Ozocubu's Armour (safe; 1% risk of failure)
Confirm with . or Enter, or press ? or * to list all spells.
Aiming: Freeze (safe; 1% risk of failure)
Press: ? - help, Shift-Dir - straight line, f - orc warrior
Aim: an orc warrior, wielding a +0 hand axe and wearing a +0 ring mail You freeze the orc warrior!
The orc warrior is moderately wounded.
An orc warrior comes into view. It is wielding a +0 broad axe.
The orc warrior hits you with a +0 hand axe!
* * * LOW HITPOINT WARNING * * *
Casting: Freeze (safe; 1% risk of failure)
Confirm with . or Enter, or press ? or * to list all spells.
Aiming: Freeze (safe; 1% risk of failure)
Press: ? - help, Shift-Dir - straight line, f/p - orc warrior
Aim: an orc warrior, wielding a +0 hand axe and wearing a +0 ring mail (moderately wounded)
You freeze the orc warrior.
The orc warrior is heavily wounded.
The orc warrior hits you with a +0 hand axe!
You die...

......#...........#
...g..'...........#
#.....⌠.....#
#...........#
#..)........#
##.........###
###)....#'#.###
###.###.....### #
###..@)....!# #
o##8..o......! #
g#8.........! #
.'.....⌠....∩ #
.oo#8.........! #
.g##8........?? ##
..###..()....!#
.###
###.###))...###
...### ###.....#)#


You could see 3 orc warriors and a hobgoblin.

Vanquished Creatures
  An orc knight (Bailey)
  Duvessa (D:5)
  6 orc warriors (Bailey)
  An ice beast (D:8)
  2 ogres
  A necrophage (D:6)
  A centaur (D:8)
  A phantom (D:5)
  5 kobold brigands
  Blork the orc (D:4)
  2 wyvern zombies (D:8)
  2 bullfrogs (D:8)
  5 scorpions
  A water moccasin zombie (D:7)
  Dowan (D:5)
  2 wyvern skeletons
  A water moccasin skeleton (D:4)
  15 wights
  2 howler monkeys
  A bullfrog zombie (D:5)
  3 jellies
  2 hounds (D:4)
  4 orc priests
  A bullfrog skeleton (D:7)
  2 centaur skeletons (D:4)
  A gnoll shaman (D:4)
  3 iguanas
  A scorpion zombie (D:4)
  5 orc wizards
  A howler monkey zombie (D:8)
  5 gnolls (Bailey)
  A howler monkey skeleton (D:4)
  8 adders
  3 river rats (Sewer)
  2 white imps
  2 ufetubi
  An adder zombie (D:4)
  5 worms
  A dart slug (D:4)
  46 orcs
  12 ball pythons
  13 endoplasms
  3 giant cockroaches
  21 goblins
  15 hobgoblins
  5 jackals
  9 quokkas
  2 bats
  5 frilled lizards
  26 kobolds
  A quokka skeleton (D:4)
  12 rats
273 creatures vanquished.

Vanquished Creatures (others)
  3 orcs (D:5)
  2 fungi (D:4)
5 creatures vanquished.

Grand Total: 278 creatures vanquished

Notes
Turn   | Place    | Note
-------+----------+-------------------------------------------
     0 | D:1      | tilp the Demigod Ice Elementalist began the quest for the
                  | Orb.
     0 | D:1      | Reached XP level 1. HP: 14/14 MP: 5/5
   481 | D:1      | Reached skill level 4 in Ice Magic
   487 | D:1      | Reached XP level 2. HP: 20/20 MP: 2/7
  1357 | D:2      | Reached skill level 1 in Fighting
  1945 | D:2      | Reached XP level 3. HP: 28/28 MP: 8/8
  1949 | D:2      | Learned a level 3 spell: Ozocubu's Armour
  2982 | D:3      | Reached skill level 1 in Shields
  3206 | D:3      | Reached XP level 4. HP: 36/36 MP: 9/9
  3648 | D:3      | Learned a level 3 spell: Frozen Ramparts
  3662 | D:4      | Found Uplok's Book Shoppe.
  3663 | D:4      | Noticed Blork the orc
  3847 | D:4      | Reached XP level 5. HP: 34/41 MP: 5/10
  3904 | D:4      | Found a glowing drain.
  3970 | Sewer    | Entered a sewer
  4113 | Sewer    | Reached skill level 5 in Ice Magic
  4647 | Sewer    | Reached XP level 6. HP: 48/48 MP: 6/11
  5949 | D:4      | Killed Blork the orc
  6150 | D:4      | Reached skill level 6 in Ice Magic
  6174 | D:4      | Reached XP level 7. HP: 51/55 MP: 8/13
  6968 | D:4      | Found a runed translucent door.
  6969 | D:4      | Noticed Crazy Yiuf
  7013 | D:4      | Identified a scroll of acquirement
  7013 | D:4      | Acquired a book of Ice
  7088 | D:5      | Entered Level 5 of the Dungeon
  7098 | D:5      | Reached skill level 7 in Ice Magic
  7818 | D:5      | Reached XP level 8. HP: 61/61 MP: 8/16
  8001 | D:5      | Found Ajaycvo's Jewellery Emporium.
  8023 | D:5      | Identified the +5 dagger of Woonem {venom, rCorr Int+2
                  | Dex+4}
  8032 | D:5      | Noticed Menkaure
  8142 | D:5      | Reached skill level 8 in Ice Magic
  8390 | D:5      | Noticed Duvessa
  8390 | D:5      | Noticed Dowan
  8397 | D:5      | Killed Duvessa
  8402 | D:5      | Killed Dowan
  8617 | D:5      | Found Xungy's Distillery.
  8641 | D:5      | Bought a potion of lignification for 36 gold pieces
  8694 | D:5      | Found a runed translucent gate.
  8696 | D:5      | Found a runed translucent gate.
  8696 | D:5      | Found a runed translucent gate.
  8783 | D:5      | Found Rilleito's Antique Armour Shoppe.
  8787 | D:5      | Found Zareusipp's Armour Shop.
  8881 | D:5      | Found a staircase to the Ecumenical Temple.
  8918 | D:5      | Noticed PeterLawrence's ghost (novice MiMo)
  9473 | D:5      | Learned a level 4 spell: Hailstorm
 10533 | D:6      | Identified the +3 hand axe of Asiloatz {vorpal, Dex+5}
 10562 | D:6      | Identified the +9 trident of the King {drain, Drain rElec
                  | rC+ Will++}
 11601 | D:7      | Reached XP level 9. HP: 69/70 MP: 10/18
 11818 | D:7      | Noticed a cyclops
 12181 | D:7      | Reached skill level 1 in Conjurations
 13435 | D:8      | Learned a level 4 spell: Summon Ice Beast
 13744 | D:8      | Reached skill level 1 in Summonings
 13777 | D:8      | Reached skill level 5 in Spellcasting
 14110 | D:5      | Bought a brightly glowing scale mail for 252 gold pieces
 14110 | D:5      | Identified the +1 scale mail "Naparib" {rC+ rCorr} (You
                  | bought it in a shop on level 5 of the Dungeon)
 14275 | D:9      | Found a flagged portal.
 14294 | Bailey   | Entered a bailey
 14591 | Bailey   | Noticed an orc knight
 14609 | Bailey   | Killed an orc knight
 14610 | Bailey   | Reached skill level 9 in Ice Magic
 14669 | Bailey   | Noticed an orc warlord
 14726 | Bailey   | Mangled by an orc warrior

Illustrated notes

Levels and vault maps discovered:
D:1:      lemuel_arrival_tunnels, layout_rooms
D:2:      layout_loops_corners, basic_altar, minmay_tiny_reverse_x
D:3:      layout_basic, basic_ecumenical_altar
D:4:      minmay_chambers_of_twos, layout_cave_pools, portal_sewer_entry_f,
          serial_shops, shop_statue, minmay_divided_ellipse, uniq_blork_the_orc,
          uniq_crazy_yiuf_cottage
D:5:      layout_basic, zin_statuary, lemuel_temple_firewalk_a,
          gammafunk_ghost_icy, serial_shops, shop, nicolae_shop_crystal,
          nicolae_shop_window_shopping, shop, uniq_menkaure, uniq_duvessa
D:6:      layout_rooms, kennysheep_mini, kennysheep_mini_moat,
          minmay_large_rounded_square
D:7:      layout_cave_pods, old_standard_altar, nicolae_overflow_crystal_walls,
          cheibrodos_worm_habitat, minmay_manual_mandibuliform
D:8:      layout_rooms, lemuel_blue_sif_altar
D:9:      layout_cave_pools, nicolae_hepliaklqana_hippocampus, enter_bailey_5
Bailey:   bailey_axe_minmay_hex_keep, bailey

Skill      XL: |  1  2  3  4  5  6  7  8  9 |
---------------+----------------------------+-----
Spellcasting   | 2 3 4 5 |  5.5
Ice Magic      | 4 5 6 7 8 9 |  9.0
Dodging        | 2 4 |  4.0
Stealth        | 2 4 |  4.0
Fighting       | 1 2 4 |  4.0
Shields        | 1 2 3 4 |  4.0
Conjurations   | 3 |  3.9
Summonings     | 2 |  2.7

Action                   |  1- 3 |  4- 6 |  7- 9 || total
-------------------------+-------+-------+-------++-------
Melee: Dagger            |    53 |   123 |   190 ||   366
       Trident           |       |       |   208 ||   208
Throw: Javelin           |     6 |       |       ||     6
       Dart              |       |     6 |    19 ||    25
       Boomerang         |       |       |     4 ||     4
 Cast: Freeze            |    43 |    55 |    36 ||   134
       Frozen Ramparts   |       |    13 |    28 ||    41
       Ozocubu's Armour  |       |    12 |    42 ||    54
       Hailstorm         |       |       |    22 ||    22
  Use: Scroll            |     8 |     4 |    11 ||    23
       Potion            |       |     2 |       ||     2
 Stab: Sleeping          |     3 |     4 |     1 ||     8
Armor: Robe              |    12 |       |       ||    12
       Leather armour    |    14 |    61 |    91 ||   166
Dodge: Dodged            |    41 |    73 |   197 ||   311
Block: Buckler           |       |     8 |    72 ||    80

Table legend: (Time is in decaauts)
 A = Elapsed time spent in this place.
 B = Non-inter-level travel time spent in this place.
 C = Inter-level travel time spent in this place.
 D = Time resting spent in this place.
 E = Time spent auto-exploring this place.
 F = Levels seen in this place.
 G = Mean time per level.
                   A        B        C        D        E       F      G
               +--------+--------+--------+--------+--------+-----+--------+
         Total |  14985 |  14215 |    770 |   3981 |   7901 |  11 | 1362.3 |
       Dungeon |  12575 |  11805 |    770 |   2989 |   6978 |   9 | 1397.2 |
         Sewer |   1956 |   1956 |      0 |    798 |    905 |   1 | 1956.0 |
        Bailey |    452 |    452 |      0 |    194 |     18 |   1 |  452.0 |
               +--------+--------+--------+--------+--------+-----+--------+

Top non-repeatable levels by time:
     D:5: 3023 daAuts
   Sewer: 1956 daAuts
     D:7: 1638 daAuts
     D:4: 1622 daAuts
     D:8: 1384 daAuts
     D:3: 1342 daAuts
     D:2: 1219 daAuts
     D:6: 1154 daAuts
     D:1: 1151 daAuts
  Bailey: 452 daAuts
     D:9: 39 daAuts
